 Dungeon Crawl Stone Soup version 0.23-a0-375-g66a18ee0fb (webtiles) character file.

27757 Kaname the Destroyer (level 13, -5/63 HPs)
             Began as a Demonspawn Wizard on Oct 27, 2018.
             Was an Initiate of Gozag.
             Slain by a small abomination (15 damage)
             ... on level 1 of the Abyss.
             The game lasted 01:15:46 (17495 turns).

Kaname the Destroyer (Demonspawn Wizard)           Turns: 17495, Time: 01:15:47

Health: -5/63      AC: 17    Str: 10 (12) XL:     13   Next: 6%
Magic:  1/18       EV: 17    Int: 17 (19) God:    Gozag
Gold:   709        SH:  4    Dex:  8 (10) Spells: 11/26 levels left

rFire    . . .     SeeInvis .   O - +4 dagger (venom)
rCold    . . .     Gourm    .   M - +0 buckler
rNeg     . . .     Faith    .   a - +0 robe
rPois    .         Spirit   .   b - +0 hat
rElec    .         Reflect  .   P - +0 cloak
rCorr    .         Harm     .   L - +2 pair of gloves
MR       .....                  C - +0 pair of boots
Stlth    ++++......             h - amulet of rage
HPRegen  0.00/turn              A - +2 ring of protection
MPRegen  0.16/turn              U - +5 ring of evasion

@: mighty, gold aura, sanguine armour
A: horns 2, [blurry vision 3], [clumsy 2], [deformed body], [deterioration 2],
[dopey 2], [frail 3], [low mp 2], powered by pain 3, [screaming 2], [inhibited
regeneration], sanguine armour 2
a: Potion Petition, Call Merchant, Bribe Branch, Renounce Religion, Evoke
Berserk Rage


You were on level 1 of the Abyss.
You worshipped Gozag.
Gozag was pleased with you.
You were near starving.

You visited 2 branches of the dungeon, and saw 16 of its levels.
You visited the Abyss 1 time.

You collected 2592 gold pieces.
You spent 223 gold pieces at shops.
You paid 1660 gold pieces to Gozag.

Inventory:

Hand Weapons
 O - a +4 dagger of venom (weapon)
Missiles
 l - 226 arrows
 H - 3 throwing nets (quivered)
 X - 15 curare-tipped needles
Armour
 a - a +0 robe (worn)
 b - a +0 hat (worn)
 C - a +0 pair of boots (worn)
 L - a +2 pair of gloves (worn)
 M - a +0 buckler (worn)
 P - a +0 cloak (worn)
Jewellery
 h - an amulet of rage (around neck)
 A - a +2 ring of protection (left hand)
 N - an uncursed amulet of the gourmand {unknown}
 U - a +5 ring of evasion (right hand)
 V - a cursed ring of attention {unknown}
 Y - an uncursed ring of resist corrosion {unknown}
Wands
 f - a wand of clouds (3)
 w - a wand of iceblast (3)
 F - a wand of random effects (26)
 I - a wand of flame (12)
 J - a wand of disintegration (8)
 K - a wand of enslavement (14)
 T - a wand of polymorph (11)
Scrolls
 g - a scroll of silence
 k - 2 scrolls of enchant weapon
 m - 5 scrolls of remove curse
 o - 3 scrolls of magic mapping
 t - 2 scrolls of blinking
 u - a scroll of summoning {unknown}
 v - 7 scrolls of teleportation
 y - a scroll of random uselessness {unknown}
 z - 2 scrolls of fog
 B - 2 scrolls of noise
 D - 2 scrolls of enchant armour
 E - 2 scrolls of vulnerability
 G - 2 scrolls of amnesia
 R - a scroll of holy word {unknown}
 S - 2 scrolls of immolation
 W - a scroll of fear
Potions
 e - a potion of invisibility {unknown}
 i - 2 potions of brilliance
 j - a potion of ambrosia
 n - a potion of berserk rage {unknown}
 p - a potion of agility {unknown}
 q - 2 potions of might
 s - 2 potions of flight
 x - 3 potions of cancellation
 Q - 6 potions of curing
Comestibles
 d - 26 rations


   Skills:
 - Level 5.2 Fighting
 - Level 10.0 Short Blades
 - Level 1.7 Dodging
 - Level 10.0 Stealth
 - Level 4.0 Shields
 - Level 7.0 Spellcasting
 + Level 12.2 Conjurations
   Level 1.0 Summonings
 - Level 7.0 Necromancy
 - Level 0.8 Translocations


You had 11 spell levels left.
You knew the following spells:

 Your Spells              Type           Power        Failure   Level  Hunger
a - Iskenderun's Mystic   Conj           #####...     1%          4    ####...
b - Blink                 Tloc           N/A          12%         2    None
c - Mephitic Cloud        Conj/Pois/Air  ###.....     7%          3    ##.....
d - Conjure Flame         Conj/Fire      ####....     2%          3    ##.....
e - Vampiric Draining     Necr           ####......   1%          3    ##.....

Your spell library contained the following spells:

 Spells                   Type           Power        Failure   Level  Hunger
 Animate Skeleton         Necr           N/A          1%          1    None
 Magic Dart               Conj           ####         1%          1    None
 Pain                     Necr           ####         1%          1    None
 Shock                    Conj/Air       ####         1%          1    None
 Searing Ray              Conj           #####.       1%          2    None
 Dazzling Spray           Conj/Hex       ####..       2%          3    ##.....
 Static Discharge         Conj/Air       ####....     2%          3    ##.....
 Animate Dead             Necr           N/A          6%          4    ####...
 Force Lance              Conj/Tloc      ####....     8%          4    ####...
 Regeneration             Chrm/Necr      ###.......   9%          3    ##.....
 Fulminant Prism          Conj/Hex       ####......   10%         4    ####...
 Beastly Appendage        Tmut           #.....       12%         1    None
 Confusing Touch          Hex            #.....       12%         1    None
 Call Imp                 Summ           #.......     12%         2    None
 Slow                     Hex            #.......     17%         2    None
 Sticks to Snakes         Tmut           #.......     17%         2    None
 Swiftness                Chrm/Air       #.......     17%         2    None
 Gell's Gravitas          Tloc           #.........   24%         3    ##.....
 Lightning Bolt           Conj/Air       ####......   26%         5    #####..
 Confuse                  Hex            #.......     34%         3    ##.....
 Spider Form              Tmut/Pois      #.........   34%         3    ##.....
 Airstrike                Air            #.........   75%         4    ####...
 Ice Form                 Ice/Tmut       #.......     75%         4    ####...
 Petrify                  Tmut/Erth      #.......     75%         4    ####...
 Blade Hands              Tmut           #.........   97%         5    #####..
 Metabolic Englaciation   Hex/Ice        #.........   97%         5    #####..
 Yara's Violent Unravell  Hex/Tmut       #.........   97%         5    #####..


Dungeon Overview and Level Annotations

Branches:
Dungeon (15/15)            Temple (1/1) D:7            Lair (0/6) D:11
    Orc (0/2) D:10         Depths (0/5) D:15
 Vaults: D:13-14

Altars:
Ashenzari
Cheibriados
Dithmenos
Elyvilon
Fedhas
Gozag
Hepliaklqana
Kikubaaqudgha
Makhleb
Nemelex Xobeh
Okawaru
Qazlal
Ru
Sif Muna
Trog
Uskayaw
Vehumet
Wu Jian
Xom
Yredelemnul
Zin
The Shining One

Shops:
D:8 !*![   D:10 (   D:13 [

Annotations:
D:13 exclusion: door
D:14 exclusions: door and orange crystal statue
D:15 Rupert


Innate Abilities, Weirdness & Mutations

You have a pair of horns on your head.
You are powered by pain.
When seriously injured, your bleeding wounds create thick armour. (AC +9)
[Scrolls take you much longer to read.]
[You are very clumsy. (Dex -4)]
[Armour fits poorly on your strangely shaped body.]
[Your body often deteriorates upon taking damage.]
[You are very dopey. (Int -4)]
[You are extremely frail. (-30% HP)]
[Your magical capacity is very low. (-20% MP)]
[You sometimes yell uncontrollably at your foes.]
[You do not regenerate when monsters are visible.]


Message History

Unknown command.
Okay, then.
Unknown command.
Evoke which item? (* to show all) (? for menu, Esc to quit)
Aiming: Enslavement
Press: ? - help, Shift-Dir - straight line, f - small abomination
Aim: a small abomination (chance to defeat MR: 28%)
Okay, then.
Unknown command.
Unknown command.
Unknown command.
Unknown command.
Really read with blurry vision while enemies are nearby?
You begin reading the scroll.
You continue reading the scroll.
The small abomination completely misses you.
You continue reading the scroll.
The sixfirhy hits you but does no damage.
The sixfirhy closely misses you. The small abomination hits you!
You die...
Your body crumbles into a pile of gold.

. # . . # . . .>
.# #.# # ##..# # #
##...# #
....#####$##### .
.### .
#...#..#$.*......#
.# ...#...@3.#.#
... . ## ..
.###.x$###.# #.
### # .#...#...# .
. .......... ..
...........## . .#
...#.....#
.###...###...## .
. . .. #..... #
... . .. .


You could see a wretched star, a sixfirhy and a small abomination.

Vanquished Creatures
  Harold (D:9)
  3 hydras
  2 centaur warriors
  2 two-headed ogres
  A tengu warrior (D:13)
  A wretched star (Abyss:1)
  An unseen horror (D:12)
  A deep elf mage (D:13)
  2 cyclopes
  A mana viper (shapeshifter) (D:13)
  5 ugly things
  3 manticores
  Maurice (D:8)
  A kobold demonologist (D:13)
  3 trolls
  Prince Ribbit (D:8)
  4 slime creatures (D:12)
  5 hippogriffs
  A tarantella (shapeshifter) (D:13)
  A shadow (D:12)
  A wyvern (D:14)
  20 yaks
  3 fire bats (Abyss:1)
  A steam dragon (D:11)
  3 vampire mosquitoes (D:14)
  2 hungry ghosts
  A soldier ant (shapeshifter) (D:13)
  3 water moccasins
  8 phantoms
  2 ice beasts
  3 orc warriors
  A black bear (D:11)
  2 sky beasts
  A boggart (D:15)
  9 ogres
  4 centaurs
  4 wolves (D:11)
  2 crocodiles
  3 big kobolds (D:13)
  3 bullfrogs
  4 scorpions
  A water moccasin zombie (D:9)
  26 killer bees
  3 electric eels (D:11)
  3 howler monkeys
  4 lava snakes
  3 bullfrog zombies
  4 crimson imps
  11 hounds
  3 centaur zombies
  9 orc priests
  3 bullfrog skeletons
  8 jellies
  2 centaur skeletons (D:10)
  2 iguanas
  13 orc wizards
  13 worker ants
  2 worker ant zombies
  5 gnolls
  13 adders
  5 shadow imps
  5 oozes (D:10)
  An adder skeleton (D:5)
  An adder zombie (D:5)
  5 worms
  2 dart slugs (D:2)
  4 leopard geckos
  38 orcs
  6 bats
  4 giant cockroaches
  6 goblins
  4 hobgoblins
  8 jackals
  7 quokkas
  4 ball pythons
  A ball python skeleton (D:5)
  7 frilled lizards
  15 kobolds
  3 leopard gecko skeletons
  A quokka zombie (D:5)
  5 rats
380 creatures vanquished.

Vanquished Creatures (collateral kills)
  A hippogriff (D:11)
  An orc (D:11)
2 creatures vanquished.

Vanquished Creatures (others)
  2 bushes (D:14)
2 creatures vanquished.

Grand Total: 384 creatures vanquished

Notes
Turn   | Place    | Note
-------+----------+-------------------------------------------
     0 | D:1      | Kaname the Demonspawn Wizard began the quest for the Orb.
     0 | D:1      | Reached XP level 1. HP: 13/13 MP: 4/4
   515 | D:1      | Reached skill level 2 in Conjurations
   559 | D:1      | Gained mutation: You have a pair of small horns on your
                  | head. [demonic ancestry]
   559 | D:1      | Reached XP level 2. HP: 19/19 MP: 3/6
  1429 | D:2      | Reached skill level 3 in Conjurations
  1429 | D:2      | Reached XP level 3. HP: 24/24 MP: 2/7
  1508 | D:2      | Learned a level 2 spell: Blink
  1512 | D:2      | Learned a level 3 spell: Mephitic Cloud
  1818 | D:2      | Reached XP level 4. HP: 30/30 MP: 4/8
  1827 | D:2      | Reached skill level 4 in Conjurations
  2164 | D:2      | Learned a level 3 spell: Conjure Flame
  3245 | D:3      | Reached skill level 5 in Conjurations
  3245 | D:3      | Reached XP level 5. HP: 27/35 MP: 1/9
  3933 | D:4      | Reached skill level 6 in Conjurations
  3933 | D:4      | Gained mutation: You have a pair of horns on your head.
                  | [demonic ancestry]
  3933 | D:4      | Reached XP level 6. HP: 41/41 MP: 3/10
  4333 | D:4      | Reached skill level 7 in Conjurations
  4489 | D:4      | Gained mutation: When seriously injured, your bleeding
                  | wounds create armour. (AC +9) [demonic ancestry]
  4489 | D:4      | Reached XP level 7. HP: 11/46 MP: 0/11
  4761 | D:4      | Reached skill level 8 in Conjurations
  4938 | D:5      | Entered Level 5 of the Dungeon
  5003 | D:5      | Reached skill level 1 in Short Blades
  5141 | D:5      | Found a sparkling altar of Nemelex Xobeh.
  5141 | D:5      | Found a shattered altar of Ashenzari.
  5235 | D:5      | Gained mutation: You sometimes gain a little power by
                  | taking damage. [demonic ancestry]
  5235 | D:5      | Reached XP level 8. HP: 21/52 MP: 1/14
  5442 | D:5      | Found an iron altar of Okawaru.
  5664 | D:5      | Found a blossoming altar of Fedhas.
  5897 | D:5      | Found an ornate altar of the Wu Jian Council.
  6286 | D:6      | Reached skill level 5 in Short Blades
  6376 | D:6      | Learned a level 3 spell: Vampiric Draining
  6659 | D:6      | Found a burning altar of Makhleb.
  6969 | D:6      | Reached skill level 5 in Necromancy
  6969 | D:6      | Gained mutation: You sometimes gain power by taking damage.
                  | [demonic ancestry]
  6969 | D:6      | Reached XP level 9. HP: 39/57 MP: 5/15
  7665 | D:7      | Reached skill level 9 in Conjurations
  7755 | D:7      | Found a radiant altar of Vehumet.
  7830 | D:7      | Found a sacrificial altar of Ru.
  8010 | D:7      | Reached skill level 10 in Conjurations
  8299 | D:7      | Found a staircase to the Ecumenical Temple.
  8375 | Temple   | Entered the Ecumenical Temple
  8382 | Temple   | Became a worshipper of Gozag Ym Sagoz the Greedy
  8561 | D:8      | Noticed a troll
  8611 | D:8      | Found a white marble altar of Elyvilon.
  8629 | D:8      | Reached skill level 5 in Spellcasting
  8685 | D:8      | Found Rextegh's Armour Emporium.
  8689 | D:8      | Bought a +0 buckler for 67 gold pieces
  8700 | D:8      | Found Siupn's Distillery.
  8721 | D:8      | Bought a potion of might for 40 gold pieces
  8721 | D:8      | Bought a potion of heal wounds for 50 gold pieces
  8909 | D:8      | Noticed Maurice
  8956 | D:8      | Killed Maurice
  8956 | D:8      | Reached skill level 1 in Shields
  8956 | D:8      | Reached XP level 10. HP: 54/63 MP: 1/18
  9260 | D:8      | Found Ebit's Distillery.
  9302 | D:8      | Bought a potion of curing for 33 gold pieces
  9302 | D:8      | Bought a potion of curing for 33 gold pieces
  9430 | D:8      | Found Fikutit's General Store.
  9540 | D:8      | Found a deep blue altar of Sif Muna.
  9561 | D:8      | Noticed Prince Ribbit
  9570 | D:8      | Killed Prince Ribbit
 10133 | D:9      | Reached skill level 1 in Fighting
 10684 | D:9      | Noticed Harold
 10702 | D:9      | Killed Harold
 10834 | D:10     | Entered Level 10 of the Dungeon
 10834 | D:10     | Found a staircase to the Orcish Mines.
 11397 | D:10     | Found a glowing golden altar of the Shining One.
 11619 | D:10     | Gained mutation: When seriously injured, your bleeding
                  | wounds create thick armour. (AC +9) [demonic ancestry]
 11619 | D:10     | Reached XP level 11. HP: 76/78 MP: 17/21
 12129 | D:11     | Reached skill level 5 in Fighting
 12129 | D:11     | Reached skill level 5 in Stealth
 12217 | D:11     | Noticed a seven-headed hydra
 12397 | D:11     | Noticed a green ugly thing
 12437 | D:11     | Killed a seven-headed hydra
 12437 | D:11     | Reached skill level 11 in Conjurations
 12576 | D:11     | Noticed a five-headed hydra
 12607 | D:11     | Found a staircase to the Lair.
 13179 | D:11     | Killed a five-headed hydra
 13309 | D:11     | Reached skill level 12 in Conjurations
 13393 | D:11     | Learned a level 4 spell: Iskenderun's Mystic Blast
 13453 | D:11     | Killed a cyan ugly thing
 14027 | D:12     | Killed an unseen horror
 14208 | D:12     | Noticed a green ugly thing
 14212 | D:12     | Killed a green ugly thing
 14440 | D:12     | Noticed a two-headed ogre
 14450 | D:12     | Killed a two-headed ogre
 14522 | D:12     | Noticed a purple ugly thing
 14539 | D:12     | Killed a purple ugly thing
 14539 | D:12     | Gained mutation: You are powered by pain. [demonic
                  | ancestry]
 14539 | D:12     | Reached XP level 12. HP: 84/86 MP: 2/22
 15301 | D:12     | You fall through a shaft for 3 floors!
 15301 | D:15     | Entered Level 15 of the Dungeon
 15310 | D:15     | Noticed Rupert
 15311 | D:15     | Noticed a centaur warrior
 15323 | D:15     | Killed a centaur warrior
 15350 | D:14     | Noticed a two-headed ogre
 15364 | D:14     | Reached skill level 10 in Short Blades
 15380 | D:14     | Noticed a seven-headed hydra
 15389 | D:14     | Killed a seven-headed hydra
 15515 | D:14     | Noticed a two-headed ogre
 15517 | D:14     | Killed a two-headed ogre
 16157 | D:13     | Noticed a centaur warrior
 16172 | D:13     | Killed a centaur warrior
 17154 | D:13     | Noticed a tengu warrior
 17156 | D:13     | Killed a tengu warrior
 17271 | D:13     | Noticed a shadow dragon
 17335 | D:13     | Reached skill level 10 in Stealth
 17335 | D:13     | Reached XP level 13. HP: 76/91 MP: 4/23
 17339 | D:13     | Cast into level 1 of the Abyss (kobold demonologist)
 17357 | Abyss:1  | Found a snail-covered altar of Cheibriados.
 17396 | Abyss:1  | Found a corrupted altar of Lugonu.
 17423 | Abyss:1  | Noticed a tentacled starspawn
 17495 | Abyss:1  | Slain by a small abomination

Vault maps used:
D:1:      minmay_arrival_cross, serial_forest, infiniplex_forest_straight_2,
          infiniplex_forest_end_double, infiniplex_forest_lined_room_2,
          infiniplex_forest_lined_2, infiniplex_forest_straight_1,
          infiniplex_forest_clump_long
D:2:      chequers_garden
D:3:      kennysheep_generic_room_6
D:4:      first_ration
D:5:      okawaru_altar_gauntlet_db, nicolae_overflow_crystal_walls,
          kennysheep_little_box, chequers_temple_overflow_statue_of_worship
D:6:      overflow_temple_1_default
D:7:      lemuel_crystal_altar, fiery_altar_vehumet, minmay_temple_entry_statues
D:8:      kennysheep_mini_moat, kennysheep_mini, serial_aquarium,
          aquarium_bridge_long_joined, aquarium_bridge_straight,
          aquarium_window_3, aquarium_window_2, aquarium_window_fake,
          aquarium_window_fake, aquarium_view_4, serial_shops,
          nicolae_shop_stone, shop, shop, nicolae_shop_window_shopping,
          uniq_maurice, uniq_prince_ribbit1
D:9:      uniq_harold
D:10:     orc_0_dummy, hangedman_little_slice_of_home,
          hangedman_abyss_or_decor_slice, tso_altar
D:11:     erik_lair_island, minmay_misc_feat_more_columns
D:12:     kennysheep_diamond
D:13:     kennysheep_four_rooms
D:14:     erik_vaults_1, minmay_hedge_maze, disabler_island
D:15:     hangedman_depths_entry_civil_slaughter, lemuel_doored_altar,
          serial_park_tiny_1, minmay_sticks_and_stones, uniq_josephine,
          uniq_rupert
Temple:   nicolae_temple_no_exploring_needed

Skill      XL: |  1  2  3  4  5  6  7  8  9 10 11 12 |
---------------+-------------------------------------+-----
Conjurations   | 2 3 5 6 7 8 10 12 | 12.2
Spellcasting   | 4 5 7 |  7.0
Short Blades   | 2 5 8 10 | 10.0
Necromancy     | 5 7 |  7.0
Shields        | 1 4 |  4.0
Fighting       | 4 5 |  5.2
Stealth        | 4 5 10 | 10.0
Dodging        | |  1.7
Summonings     | |  1.0
Translocations | |  0.8

Action                   |  1- 3 |  4- 6 |  7- 9 | 10-12 | 13-15 || total
-------------------------+-------+-------+-------+-------+-------++-------
Melee: Spear             |    11 |       |       |       |       ||    11
       Headbutt          |     5 |     4 |    58 |   109 |     3 ||   179
       Dagger            |    25 |    97 |    16 |   708 |    28 ||   874
       Short sword       |       |       |   300 |       |       ||   300
 Cast: Magic Dart        |    66 |   152 |   283 |   170 |       ||   671
       Mephitic Cloud    |       |     4 |    11 |     4 |       ||    19
       Conjure Flame     |       |     1 |     7 |    15 |       ||    23
       Vampiric Draining |       |       |    20 |   100 |     3 ||   123
       Blink             |       |       |     3 |     6 |       ||     9
       Iskenderun's Myst |       |       |       |    63 |     7 ||    70
Invok: Call Merchant     |       |       |       |     2 |       ||     2
Evoke: Wand              |       |     1 |     4 |    50 |       ||    55
  Use: Scroll            |     3 |     4 |     4 |    16 |     1 ||    28
       Potion            |       |       |     3 |     1 |     2 ||     6
 Stab: Sleeping          |     1 |     2 |     1 |     7 |       ||    11
       Confused          |       |     2 |     1 |     1 |       ||     4
       Paralysed         |       |       |     2 |       |       ||     2
       Distracted        |       |       |       |     5 |       ||     5
  Eat: Chunk             |     3 |     8 |    15 |       |       ||    26
       Ration            |       |       |     1 |     9 |       ||    10
Armor: Robe              |    16 |    34 |    88 |   145 |    16 ||   299
Dodge: Dodged            |    44 |    57 |   164 |   441 |    25 ||   731
Block: Buckler           |       |       |     3 |   143 |     7 ||   153

Table legend:
 A = Non-vault XP
 B = Vault XP
 C = Vault XP percentage of total XP
 D = Non-vault monster count
 E = Vault monster count
 F = Vault count percentage of total count
                 A         B        C        D         E       F
            +---------+---------+-------+---------+---------+-------
      Total |   35785 |    3869 |   9.8 |     348 |      34 |   8.9
            +---------+---------+-------+---------+---------+-------
        D:1 |      30 |       0 |   0.0 |      18 |       0 |   0.0
        D:2 |      83 |       0 |   0.0 |      21 |       0 |   0.0
        D:3 |     131 |       4 |   3.0 |      21 |       2 |   8.7
        D:4 |     818 |       0 |   0.0 |      28 |       0 |   0.0
        D:5 |     592 |      37 |   5.9 |      21 |       6 |  22.2
        D:6 |    1736 |       0 |   0.0 |      27 |       0 |   0.0
        D:7 |    1516 |       0 |   0.0 |      27 |       0 |   0.0
        D:8 |    1871 |     757 |  28.8 |      16 |       2 |  11.1
        D:9 |    1430 |    1023 |  41.7 |      22 |       1 |   4.3
       D:10 |    1071 |     159 |  12.9 |      17 |       8 |  32.0
       D:11 |    6297 |     860 |  12.0 |      35 |       7 |  16.7
       D:12 |    6807 |     248 |   3.5 |      38 |       2 |   5.0
       D:13 |    6962 |     681 |   8.9 |      40 |       4 |   9.1
       D:14 |    3985 |     100 |   2.4 |      11 |       2 |  15.4
       D:15 |    1055 |       0 |   0.0 |       2 |       0 |   0.0
    Abyss:1 |    1401 |       0 |   0.0 |       4 |       0 |   0.0
            +---------+---------+-------+---------+---------+-------
